 Dungeon Crawl Stone Soup version 0.30-a0-696-g2367cd04db (webtiles) character file.

Game seed: 11063579230810403375

397498 Lobster4 the Ruinous (level 22, -1/201 HPs)
             Began as a Yellow Draconian Conjurer on Jan 19, 2023.
             Was the Champion of the Shining One.
             Slain by a kraken (30 damage)
             ... on level 3 of the Shoals on Jan 21, 2023.
             The game lasted 03:42:13 (88113 turns).

Lobster4 the Ruinous (Yellow Draconian Conjurer)   Turns: 88113, Time: 03:42:14

Health: -1/201     AC: 28    Str: 19    XL:     22   Next: 49%
Magic:  4/36       EV: 13    Int: 30    God:    the Shining One [******]
Gold:   3002       SH: 19    Dex:  9    Spells: 5/41 levels left

rFire   + . .      SeeInvis +    a - staff of air
rCold   + . .      Faith    .    D - +2 tower shield {AC+3}
rNeg    + + +      Spirit   .    (body armour unavailable)
rPois   +          Reflect  .    r - +2 hat {Int+3}
rElec   +          Harm     .    A - +2 cloak {rPois}
rCorr   +          Rampage  .    z - +1 pair of gloves {Stlth+}
Will    +++..                    T - +2 pair of boots {Fly}
Stlth   +                        Z - amulet of the Air {Inacc Air Fly rElec RMsl}
HPRegen 0.53/turn                d - ring of Fuqois {rF+ rC+ Str+6}
MPRegen 0.25/turn                O - ring of Sogytsia {Will++ AC+4 SInv}

@: flying, glowing, repel missiles
A: spit acid, AC +11, unfitting armour, acidic bite, cold-blooded, acid
resistance
}: 1/15 runes: serpentine
a: Breathe Acid, Renounce Religion, Divine Shield, Cleansing Flame, Summon
Divine Warrior


You were on level 3 of the Shoals.
You worshipped the Shining One.
The Shining One was exalted by your worship.
You visited 8 branches of the dungeon, and saw 39 of its levels.
You visited 1 bazaar.
You also visited: Bailey.

You collected 5123 gold pieces.
You spent 2121 gold pieces at shops.

Inventory:

Hand Weapons
 b - the +9 sword of Power {lifebolt}
   (You found it on level 4 of the Snake Pit)
 v - the +8 morningstar "Goblinbane" {protect, rF+}
   (You took it off an ogre mage on level 15 of the Dungeon)

   rF:        It protects you from fire.
 R - a +9 sacred scourge of holy wrath
Missiles
 q - 3 silver javelins
 y - 2 throwing nets
 I - a javelin
Armour
 r - a +2 hat of intelligence (worn)
 z - a +1 pair of gloves of stealth (worn)
 A - a +2 cloak of poison resistance (worn)
 D - a +2 tower shield of protection (worn)
 T - a +2 pair of boots of flying (worn)
Magical Staves
 a - a staff of air (weapon)
Jewellery
 d - the ring of Fuqois (left hand) {rF+ rC+ Str+6}
   (You found it on level 5 of the Lair of Beasts)

   [ring of strength]

   Str:       It affects your strength (+6).
   rF:        It protects you from fire.
   rC:        It protects you from cold.
 m - the amulet "Kouhon" {Spirit rN+}
   (You found it on level 3 of the Crypt)

   [amulet of guardian spirit]

   It causes incoming damage to be divided between your reserves of health and
   magic.
   rN:        It protects you from negative energy.
 n - a ring of protection from fire
 o - a ring of willpower
 M - a ring of magical power
 O - the ring of Sogytsia (right hand) {Will++ AC+4 SInv}
   (You took it off a deep elf zephyrmancer on level 3 of the Elven Halls)

   [ring of protection]

   AC:        It affects your AC (+4).
   SInv:      It lets you see invisible.
   Will:      It greatly increases your willpower.
 Q - a ring of poison resistance
 Z - the amulet of the Air (around neck) {Inacc Air Fly rElec RMsl}
   (You took it off a deep elf zephyrmancer on level 3 of the Elven Halls)

   [amulet of nothing]

   Inacc:     It reduces the accuracy of your attacks and spells.
   Air:       It enhances your air magic.
   rElec:     It insulates you from electricity.
   Fly:       It grants you flight.
   RMsl:      It protects you from missiles.
Wands
 k - a wand of digging (12)
 s - a wand of mindburst (62)
 w - a wand of paralysis (16)
 J - a wand of quicksilver (15)
 S - a wand of roots (20)
Scrolls
 g - 2 scrolls of blinking
 h - 3 scrolls of fear
 j - 5 scrolls of fog
 t - 14 scrolls of teleportation
 u - 2 scrolls of enchant weapon
 x - a scroll of acquirement
 C - 4 scrolls of immolation
 F - a scroll of enchant armour
 K - 4 scrolls of magic mapping
 V - 5 scrolls of silence
 X - 6 scrolls of poison
Potions
 c - 2 potions of ambrosia
 f - 16 potions of curing
 i - 9 potions of lignification
 l - 11 potions of haste
 p - 5 potions of resistance
 B - 6 potions of might
 E - 6 potions of heal wounds
 H - 8 potions of brilliance
 L - 3 potions of magic
 N - 3 potions of berserk rage
 W - 4 potions of cancellation
Miscellaneous
 e - a phantom mirror
 G - a lightning rod (4/4)
 P - a tin of tremorstones (2/2)


   Skills:
 + Level 17.7 Fighting
 - Level 1.0(3.2) Short Blades
 - Level 4.9(5.0) Long Blades
 * Level 10.3(12.0) Maces & Flails
 - Level 10.0(11.8) Staves
 - Level 1.0 Throwing
 + Level 11.0 Dodging
 - Level 2.0 Stealth
 + Level 15.3 Shields
 - Level 10.0 Spellcasting
 * Level 24.4 Conjurations
 - Level 4.0 Translocations
 - Level 10.0 Air Magic
 - Level 10.0 Earth Magic
 - Level 3.0 Poison Magic
 - Level 11.0 Invocations
 - Level 6.0 Evocations


You had 5 spell levels left.
You knew the following spells:

 Your Spells              Type           Power      Damage    Failure   Level
a - Magic Dart            Conj           100%       1d8       0%          1
b - Orb of Destruction    Conj           52%        9d13      1%          7
c - Stone Arrow           Conj/Erth      100%       3d13      1%          3
d - Lightning Bolt        Conj/Air       66%        1d90      1%          5
e - Iskenderun's Mystic   Conj/Tloc      79%        2d16      1%          4
f - Mephitic Cloud        Conj/Pois/Air  100%       N/A       1%          3
g - Swiftness             Air            100%       N/A       1%          3
h - Iskenderun's Battles  Conj           100%       2d15      0%          5
i - Freezing Cloud        Conj/Ice/Air   56%        6-21      3%          5

Your spell library contained the following spells:

 Spells                   Type           Power      Damage    Failure   Level
 Shock                    Conj/Air       100%       1d9       0%          1
 Searing Ray              Conj           100%       2d8       0%          2
 Foxfire                  Conj/Fire      100%       2x1d9     1%          1
 Sandblast                Erth           100%       2d20      1%          1
 Poisonous Vapours        Pois/Air       100%       N/A       1%          2
 Dazzling Flash           Conj/Hex       100%       N/A       1%          3
 Hailstorm                Conj/Ice       73%        3d15      1%          3
 Vhi's Electric Charge    Tloc/Air       100%       N/A       1%          3
 Airstrike                Air            53%        2d(8-24)  1%          4
 Fulminant Prism          Conj/Hex       36%        3d17      1%          4
 Passwall                 Tmut/Erth      37%        N/A       2%          2
 Fireball                 Conj/Fire      36%        3d15      2%          5
 Kindle Blastsparks       Fire/Tloc/Air  100%       2d18      5%          3
 Summon Small Mammal      Summ           60%        N/A       12%         1
 Summon Lightning Spire   Summ/Air       79%        N/A       16%         4
 Call Imp                 Summ           15%        N/A       19%         2
 Ensorcelled Hibernation  Hex/Ice        30%        N/A       19%         2
 Sublimation of Blood     Necr           15%        N/A       19%         2
 Wereblood                Tmut           15%        N/A       19%         2
 Spider Form              Tmut/Pois      24%        N/A       21%         3
 Ignite Poison            Fire/Tmut/Pois 21%        N/A       24%         3
 Call Canine Familiar     Summ           15%        N/A       36%         3
 Frozen Ramparts          Ice            30%        1d5       36%         3
 Summon Guardian Golem    Hex/Summ       15%        N/A       36%         3
 Anguish                  Hex/Necr       7%         N/A       77%         4
 Ice Form                 Ice/Tmut       15%        N/A       77%         4
 Summon Ice Beast         Ice/Summ       15%        N/A       77%         4
 Summon Mana Viper        Hex/Summ       15%        N/A       98%         5
 Yara's Violent Unravell  Hex/Tmut       7%         3d5       98%         5
 Conjure Ball Lightning   Conj/Air       66%        3x3d25    1%          6
 Iron Shot                Conj/Erth      43%        9d8       1%          6
 Starburst                Conj/Fire      36%        6d11      13%         6
 Spellforged Servitor     Conj/Summ      36%        N/A       56%         7
 Lehudib's Crystal Spear  Conj/Erth      43%        10d11     56%         8
 Simulacrum               Ice/Necr       7%         N/A       100%        6
 Enfeeble                 Hex            7%         N/A       100%        7
 Monstrous Menagerie      Summ           7%         N/A       100%        7
 Summon Hydra             Summ           7%         N/A       100%        7
 Animate Armour           Summ/Erth      Unusable   N/A       N/A         4

Dungeon Overview and Level Annotations

Branches:
Dungeon (15/15)            Temple (0/1) D:4            Lair (5/5) D:11
 Shoals (3/4) Lair:2        Snake (4/4) Lair:3        Slime (0/5) Lair:4
    Orc (2/2) D:9             Elf (3/3) Orc:2        Vaults (4/5) D:13
  Crypt (3/3) Vaults:2       Tomb (0/3) Crypt:3      Depths (0/4) D:15
 Bailey (visited)

Altars:
Ashenzari
Cheibriados
Fedhas
Gozag
Hepliaklqana
Kikubaaqudgha
Makhleb
Nemelex Xobeh
Okawaru
Qazlal
Trog
Uskayaw
Vehumet
Yredelemnul
Zin
The Shining One
Jiyva

Shops:
D:3 *   Orc:2 *[*:(   Elf:1 *   Elf:2 (   Elf:3 (   Shoals:3 (   Snake:1 ==:
Snake:2 *   Vaults:1 [   Vaults:2 *

Portals:
Abyss: Crypt:2
Trove: Vaults:3 (show abyssal rune of Zot)

Annotations:
D:15 3 runed translucent doors, Ryruocesk's ghost, adept DEFE
Lair:3 2 transporters, exclusion: oklob plant, mccafe's ghost, journeyman DECj
Shoals:2 3 runed translucent doors, exclusion: obsidian statue, AlwaysLooting's ghost, adept HOFi
Elf:1 36 runed doors
Crypt:2 3 runed translucent doors, cforsyth's ghost, veteran DsSu


Innate Abilities, Weirdness & Mutations

You can spit globs of acid.
Your golden yellow scales are hard. (AC +11)
You cannot fit into any form of body armour.
You have acidic saliva.
You are cold-blooded and may be slowed by cold attacks.
You are resistant to acid. (rCorr)


Message History

You block the tentacle's attack.
A tentacle segment bursts forth from the water. x2
The kraken is engulfed in freezing vapours.
The kraken seems to slow down.
A tentacle rises from the water!
A tentacle comes into view.
Casting: Stone Arrow (safe; 1% risk of failure)
Confirm with . or Enter, or press ? or * to list all spells.
Aiming: Stone Arrow (safe; 1% risk of failure)
Press: ? - help, Shift-Dir - straight line, f/p - kraken
Aim: a kraken (freezing vapour, water, severely wounded, slow, haloed, 100% to hit)
The stone arrow hits the kraken.
The kraken is severely wounded.
The tentacle slaps you! You block the tentacle's attack. x2
A tentacle segment bursts forth from the water. x2
The tentacle is engulfed in freezing vapours.
The tentacle slaps you! You block the tentacle's attack.
The tentacle slaps you.
The kraken is engulfed in freezing vapours.
The kraken seems to slow down.
The kraken bites you!!
* * * LOW HITPOINT WARNING * * *
Your battlesphere fires!
The barrage of energy hits the kraken.
The kraken is severely wounded.
Casting: Stone Arrow (safe; 1% risk of failure)
Confirm with . or Enter, or press ? or * to list all spells.
Aiming: Stone Arrow (safe; 1% risk of failure)
Press: ? - help, Shift-Dir - straight line, f/p - kraken
Aim: a kraken (freezing vapour, water, severely wounded, slow, ally target, haloed, 100% to hit)
The stone arrow hits the kraken but does no damage.
The kraken is severely wounded.
The tentacle slaps you!
* * * LOW HITPOINT WARNING * * *
You block the tentacle's attack. x2
A tentacle segment bursts forth from the water. x2
The tentacle slaps you.
* * * LOW HITPOINT WARNING * * *
You block the tentacle's attack. The tentacle slaps you.
* * * LOW HITPOINT WARNING * * *
The kraken seems to slow down.
The kraken bites you!!
You die...

≈≈≈≈≈≈≈≈≈≈≈≈≈≈≈≈≈≈≈~~~.
≈≈≈≈≈≈≈≈≈≈≈≈≈≈≈≈≈≈≈≈~~~~
≈≈≈≈≈≈≈≈≈≈≈≈≈≈≈≈≈≈≈≈~~~~
≈≈≈≈≈≈≈≈≈≈≈≈≈≈≈≈≈≈≈≈~~~.
≈≈≈≈≈≈≈≈≈≈≈≈≈~~~~≈≈≈~~..
≈≈≈≈≈≈≈≈≈≈≈~~~~~~~~≈~~..
≈≈≈≈≈≈≈≈≈*≈~~~~~~~~~~~~.
≈≈≈≈≈ww≈≈≈≈~~.....~~~~..
≈≈≈≈≈≈w@≈≈~~~....=.~~~..
≈≈≈≈§§X≈w≈~~~......~~~~~
≈≈≈≈§§§~~~~~~......~~~~~
≈≈≈≈§§§~~~≈~~......~~~~~
≈≈≈≈≈≈≈~~~≈~~...?.~~~~~~
≈≈≈≈≈≈≈≈~~~~~~...∩...~~~
≈≈≈≈≈≈≈≈≈~~~~~........~~
≈≈≈≈≈≈≈≈~~~~~~........~~
~~~~.......(~~


You could see a kraken (slow), 4 tentacles and a friendly battlesphere
(wandering).

Vanquished Creatures
  2 ancient liches (Crypt:3)
  2 liches (Crypt:3)
  The ghost of Foxy the Acrobat, an adept KoEn of Dithmenos (Elf:2)
  A kraken (Shoals:3)
  A deep elf master archer (Elf:3)
  2 ancient champions
  Polyphemus (Shoals:3)
  Agnes (D:14)
  2 deep elf blademasters (Elf:3)
  Gastronok (Lair:2)
  A tengu reaver (Vaults:4)
  8 revenants
  14 nagarajas (Snake:4)
  Aizul (Vaults:4)
  Louise (D:14)
  4 deep elf sorcerers (Elf:3)
  11 vault wardens
  An orc warlord (Vaults:1)
  6 deep elf elementalists (Elf:3)
  3 curse skulls
  10 ghouls
  7 very ugly things
  A stone giant (Vaults:2)
  A caustic shrike skeleton (Crypt:2)
  11 vampire knights
  13 ironbound preservers
  2 ironbound thunderhulks (Vaults:2)
  Azrael (D:12)
  5 deep elf annihilators (Elf:3)
  A deep elf demonologist (Elf:3)
  15 dire elephants
  An ettin (Vaults:4)
  Snorg (Lair:3)
  A quicksilver dragon zombie (Crypt:1)
  A crystal guardian (Vaults:3)
  6 eidola
  12 jiangshi
  11 deep elf death magi
  A spectral spriggan (Crypt:3)
  18 vault guards
  8 merfolk impalers
  3 merfolk javelineers
  An entropy weaver (Vaults:3)
  6 deep elf high priests
  5 great orbs of eyes
  10 yaktaur captains
  A quicksilver dragon skeleton (Crypt:2)
  Fannar (Lair:2)
  Harold (Lair:1)
  2 peacekeepers
  A hydra (shapeshifter) (D:15)
  7 hydras
  2 ogre magi (D:15)
  2 catoblepae
  The ghost of DeadOnArrival the Thaumaturge, a journeyman DESu of Hepliaklqana (Orc:2)
  2 merfolk avatars (Shoals:2)
  An alligator snapping turtle (Shoals:3)
  6 ironbound frosthearts
  5 salamander tyrants
  Erica (D:8)
  3 boulder beetles
  A merfolk aquamancer (Shoals:1)
  16 anacondas
  15 centaur warriors
  32 dancing weapons
  9 two-headed ogres
  3 satyrs (Shoals:2)
  Urug (Orc:2)
  6 death yaks
  9 naga warriors
  7 vampire magi
  A spectral dire elephant (Crypt:3)
  2 tengu warriors
  A storm dragon zombie (Crypt:2)
  An orc high priest (Orc:2)
  5 soul eaters
  A titan zombie (Crypt:3)
  Sonja (Orc:1)
  12 shock serpents
  9 deep elf knights
  14 naga sharpshooters
  Amaemon (Lair:2)
  18 skeletal warriors
  A sun moth (Shoals:2)
  5 sun demons (Shoals:3)
  A titan skeleton (Crypt:2)
  2 salamander mystics
  15 shadow wraiths (Crypt:3)
  6 sea snakes
  37 deep trolls
  A glowing orange brain (Vaults:3)
  4 bog bodies
  A goliath frog (Lair:5)
  10 wizards
  A spectral iron dragon (Crypt:3)
  10 deep elf archers
  A shadow dragon zombie (Crypt:2)
  21 deep elf pyromancers
  7 flayed ghosts
  8 naga ritualists
  2 spriggan simulacra (Crypt:2)
  9 harpies
  13 ironbound convokers
  19 phantasmal warriors
  9 lindwurms
  A wolf spider zombie (Crypt:3)
  7 necromancers
  2 wolf spiders (D:15)
  A harpy (shapeshifter) (Elf:3)
  12 mana vipers
  6 orc knights
  3 orc sorcerers
  2 oklob plants
  29 deep elf zephyrmancers
  21 ugly things
  11 salamanders
  7 cyclopes
  15 manticores
  7 merfolk sirens
  A goliath frog skeleton (Crypt:1)
  13 naga magi
  A fire giant skeleton (Crypt:2)
  23 elephants
  Joseph (D:8)
  42 black mambas
  11 fauns (Shoals:2)
  An iron dragon skeleton (Crypt:3)
  18 vault sentinels
  5 water nymphs
  6 guardian serpents
  2 orange demons
  2 unseen horrors (D:11)
  2 gargoyles
  16 cane toads
  Maggie (Lair:1)
  A yellow draconian zombie (Crypt:1)
  A torpor snail (Lair:5)
  13 komodo dragons
  5 freezing wraiths
  2 alligator snapping turtle skeletons (Crypt:3)
  31 yaktaurs
  A kobold demonologist (D:11)
  A rime drake (shapeshifter) (D:15)
  2 rime drakes
  A catoblepas zombie (Crypt:1)
  An anaconda simulacrum (Crypt:3)
  A golden dragon simulacrum (Crypt:3)
  2 spectral harpies (Crypt:3)
  2 efreet
  3 red devils (Crypt:2)
  A catoblepas skeleton (Crypt:3)
  3 trolls
  A troll (shapeshifter) (D:14)
  18 merfolk
  4 tyrant leeches (Lair:5)
  A wind drake (Shoals:1)
  3 meliai (D:13)
  A jumping spider zombie (Crypt:3)
  A harpy skeleton (Crypt:2)
  8 blink frogs (Lair:5)
  A tarantella zombie (Crypt:1)
  An ice dragon zombie (Crypt:2)
  7 snapping turtles
  9 dream sheep
  An ettin zombie (Crypt:2)
  A vampire (D:13)
  9 flying skulls (Crypt:3)
  21 slime creatures
  3 air elementals
  A centaur simulacrum (D:14)
  A dire elephant simulacrum (Crypt:3)
  13 shadows (Crypt:3)
  5 fire elementals
  7 water elementals
  6 wraiths
  4 wyverns
  40 yaks
  19 humans (D:13)
  Grum (D:11)
  6 basilisks
  11 vampire mosquitoes
  A warg (Orc:1)
  A redback (Vaults:3)
  Edmund (D:6)
  6 acid dragons
  A demonspawn zombie (Crypt:3)
  A two-headed ogre zombie (Crypt:1)
  An entropy weaver zombie (Crypt:2)
  38 nagas
  5 hell hounds (D:12)
  16 water moccasins
  23 orc warriors
  4 black bears
  An ice dragon simulacrum (Crypt:2)
  4 sky beasts (D:7)
  A manticore zombie (Crypt:3)
  18 wolves
  8 ogres
  A snapping turtle skeleton (Crypt:1)
  15 centaurs
  A manticore skeleton (Crypt:1)
  2 kobold brigands (D:9)
  3 phantoms
  5 necrophages
  3 scorpions
  4 earth elementals
  12 bullfrogs
  3 wights (D:10)
  10 killer bees
  A raiju skeleton (Crypt:1)
  9 howler monkeys
  6 hounds
  2 centaur skeletons
  12 orc priests
  2 jellies
  9 iron imps
  Ijyb (D:4)
  4 iguanas
  10 hell rats
  18 orc wizards
  14 gnolls
  12 adders
  A shadow imp (D:6)
  2 white imps
  3 worms
  4 dart slugs
  71 orcs
  4 endoplasms
  5 giant cockroaches
  9 goblins
  7 hobgoblins
  2 jackals (D:3)
  20 kobolds
  3 quokkas (D:2)
  5 ball pythons
  7 bats
  A frilled lizard (D:2)
  A frilled lizard skeleton (Crypt:2)
  A goblin zombie (Crypt:3)
  A kobold zombie (Crypt:2)
  2 orc skeletons (Crypt:3)
  4 rats
  A tentacle (Shoals:3)
1587 creatures vanquished.

Vanquished Creatures (collateral kills)
  Mennas (Vaults:2)
  Saint Roka (Orc:2)
  A cyclops (D:11)
3 creatures vanquished.

Vanquished Creatures (others)
  An orc high priest (Orc:2)
  An orc (Orc:1)
  101 fungi
  163 plants
  4 tentacles (Shoals:3)
270 creatures vanquished.

Grand Total: 1860 creatures vanquished

Notes
Turn   | Place    | Note
-------+----------+-------------------------------------------
     0 | D:1      | Lobster4 the Draconian Conjurer began the quest for the
                  | Orb.
     0 | D:1      | Reached XP level 1. HP: 14/14 MP: 3/3
   165 | D:1      | Reached XP level 2. HP: 6/22 MP: 1/5
   236 | D:1      | Learned a level 2 spell: Searing Ray
  1027 | D:2      | Reached XP level 3. HP: 24/27 MP: 6/6
  1095 | D:2      | Reached skill level 1 in Fighting
  1680 | D:2      | Reached XP level 4. HP: 35/35 MP: 2/7
  2021 | D:3      | Found a hide-covered altar of Uskayaw.
  2022 | D:3      | Found a stormy altar of Qazlal.
  2075 | D:3      | Found a glowing golden altar of the Shining One.
  2292 | D:3      | Found Liotuir's General Store.
  2295 | D:3      | Bought a scroll of identify for 26 gold pieces
  2295 | D:3      | Bought a scroll of identify for 26 gold pieces
  2728 | D:3      | Found a burning altar of Makhleb.
  2812 | D:3      | Reached skill level 5 in Conjurations
  2920 | D:3      | Reached XP level 5. HP: 41/41 MP: 4/9
  3442 | D:3      | Became a worshipper of the Shining One
  3659 | D:4      | Noticed Ijyb
  3664 | D:4      | Killed Ijyb
  3665 | D:4      | Reached XP level 6. HP: 50/50 MP: 2/10
  3983 | D:4      | Identified the +1 leather armour of the Centipede {Rampage
                  | rElec}
  4054 | D:4      | Found a basalt altar of Yredelemnul.
  4078 | D:4      | Reached skill level 1 in Invocations
  4258 | D:4      | Found an opulent altar of Gozag.
  4258 | D:4      | Found a glowing silver altar of Zin.
  4262 | D:4      | Reached skill level 6 in Conjurations
  4350 | D:4      | Reached skill level 1 in Throwing
  4350 | D:4      | Reached skill level 1 in Evocations
  4350 | D:4      | Your scales start taking on a golden yellow colour.
  4350 | D:4      | Reached XP level 7. HP: 57/57 MP: 5/12
  4350 | D:4      | Gained mutation: You are resistant to acid. (rCorr) [Yellow
                  | Draconian growth]
  4354 | D:4      | Learned a level 3 spell: Mephitic Cloud
  4546 | D:4      | Found a staircase to the Ecumenical Temple.
  4627 | D:4      | Found a broken altar of Ashenzari.
  4882 | D:5      | Entered Level 5 of the Dungeon
  5030 | D:5      | Reached skill level 1 in Air Magic
  5030 | D:5      | Reached skill level 1 in Poison Magic
  5191 | D:5      | Reached * piety under the Shining One
  5876 | D:6      | Reached XP level 8. HP: 64/64 MP: 8/13
  6016 | D:6      | Found a blossoming altar of Fedhas.
  6045 | D:6      | Noticed Edmund
  6062 | D:6      | Killed Edmund
  6301 | D:6      | Reached skill level 1 in Shields
  6907 | D:7      | Reached skill level 7 in Conjurations
  7146 | D:7      | Found a snail-covered altar of Cheibriados.
  7152 | D:7      | Learned a level 4 spell: Iskenderun's Mystic Blast
  7439 | D:7      | Reached skill level 1 in Short Blades
  7531 | D:7      | Reached XP level 9. HP: 72/72 MP: 5/15
  7622 | D:7      | Reached skill level 1 in Translocations
  8654 | D:8      | Found a sparkling altar of Nemelex Xobeh.
  8655 | D:8      | Found a radiant altar of Vehumet.
  8684 | D:8      | Reached skill level 5 in Fighting
  8771 | D:8      | Noticed a two-headed ogre
  8783 | D:8      | Killed a two-headed ogre
  8784 | D:8      | Reached skill level 8 in Conjurations
  8800 | D:8      | Found an ancient bone altar of Kikubaaqudgha.
  8830 | D:8      | Found a flagged portal.
  8865 | Bailey   | Entered a bailey
  9381 | Bailey   | Reached skill level 5 in Spellcasting
  9623 | D:8      | Reached XP level 10. HP: 74/82 MP: 17/17
  9936 | D:8      | Noticed Joseph
  9950 | D:8      | Killed Joseph
  9951 | D:8      | Reached skill level 5 in Dodging
 10091 | D:8      | Noticed Erica
 10102 | D:8      | Killed Erica
 10103 | D:8      | Reached skill level 9 in Conjurations
 10217 | D:8      | Reached ** piety under the Shining One
 11477 | D:9      | Learned a level 3 spell: Stone Arrow
 11981 | D:9      | Found a staircase to the Orcish Mines.
 12009 | D:10     | Entered Level 10 of the Dungeon
 12073 | D:10     | Noticed a manticore
 12076 | D:10     | Reached skill level 1 in Earth Magic
 12082 | D:10     | Killed a manticore
 12083 | D:10     | Reached skill level 5 in Shields
 12083 | D:10     | Reached skill level 10 in Conjurations
 12233 | D:10     | Reached XP level 11. HP: 85/91 MP: 4/20
 12386 | D:10     | You fall into a shaft and drop 3 floors!
 12589 | D:12     | Noticed a two-headed ogre
 12593 | D:12     | Killed a two-headed ogre
 12764 | D:10     | Noticed a centaur warrior
 12775 | D:10     | Killed a centaur warrior
 12844 | D:10     | Found a hazy altar of Hepliaklqana.
 13322 | D:11     | Found a staircase to the Lair.
 13322 | D:11     | Noticed Grum
 13337 | D:11     | Killed Grum
 13404 | D:11     | Reached skill level 11 in Conjurations
 13421 | D:11     | Noticed a skeletal warrior
 13516 | D:10     | Found a bloodstained altar of Trog.
 13719 | D:10     | Reached *** piety under the Shining One
 14272 | D:11     | Noticed a skeletal warrior
 15073 | D:11     | Noticed a two-headed ogre
 15078 | D:11     | Killed a skeletal warrior
 15079 | D:11     | Reached XP level 12. HP: 101/101 MP: 3/22
 15499 | D:11     | Killed a two-headed ogre
 15916 | Orc:1    | Entered Level 1 of the Orcish Mines
 15922 | Orc:1    | Learned a level 3 spell: Swiftness
 16185 | Orc:2    | Entered Level 2 of the Orcish Mines
 16224 | Orc:1    | Noticed Sonja
 16224 | Orc:1    | Noticed a two-headed ogre
 16227 | Orc:1    | Killed Sonja
 16230 | Orc:1    | Killed a two-headed ogre
 16655 | Orc:2    | Found a large runed translucent door.
 16655 | Orc:2    | Found a large runed translucent door.
 16672 | Orc:2    | Noticed DeadOnArrival's ghost (journeyman DESu)
 16853 | Orc:2    | Found Oxicuq's Assorted Antiques.
 17356 | Orc:1    | Noticed an orc high priest
 17360 | Orc:1    | Reached **** piety under the Shining One
 17367 | Orc:2    | Killed an orc high priest
 17647 | Orc:1    | Noticed Urug
 17765 | Orc:2    | Killed Urug
 17766 | Orc:2    | Reached skill level 12 in Conjurations
 18320 | Orc:2    | Noticed an orc high priest
 18332 | Orc:2    | Noticed Saint Roka
 18336 | Orc:2    | Killed an orc high priest
 18337 | Orc:2    | Reached skill level 5 in Earth Magic
 18758 | D:9      | Upgraded the game from 0.30-a0-672-gc3a7216ad8 to
                  | 0.30-a0-696-g2367cd04db
 18834 | Lair:1   | Entered Level 1 of the Lair of Beasts
 19183 | Lair:1   | Noticed Maggie
 19222 | Lair:1   | Killed Maggie
 19368 | Lair:1   | Noticed Harold
 19618 | Lair:1   | Killed Harold
 20233 | Lair:2   | Noticed Fannar
 20241 | Lair:2   | Killed Fannar
 20242 | Lair:2   | Reached XP level 13. HP: 111/111 MP: 0/24
 20252 | Lair:1   | Reached skill level 1 in Long Blades
 21086 | Lair:2   | Noticed Amaemon
 21181 | Lair:2   | Reached skill level 5 in Invocations
 21445 | Lair:2   | Noticed Gastronok
 21458 | Lair:2   | Killed Gastronok
 21470 | Lair:2   | Killed Amaemon
 21770 | Lair:2   | Reached skill level 5 in Air Magic
 22281 | Lair:2   | Found a staircase to the Shoals.
 22367 | Lair:2   | Reached skill level 13 in Conjurations
 22930 | Lair:3   | Found a transporter.
 22953 | Lair:3   | Noticed mccafe's ghost (journeyman DECj)
 23027 | Lair:3   | Reached ***** piety under the Shining One
 23984 | Lair:3   | Reached skill level 1 in Staves
 24336 | Lair:3   | Noticed Snorg
 24619 | Lair:3   | Killed Snorg
 25001 | Lair:3   | Gained mutation: You have acidic saliva. [Yellow Draconian
                  | growth]
 25001 | Lair:3   | Reached XP level 14. HP: 119/119 MP: 0/26
 25247 | Lair:3   | Found a staircase to the Snake Pit.
 25309 | Lair:3   | You fall into a shaft and drop 2 floors!
 25309 | Lair:5   | Entered Level 5 of the Lair of Beasts
 25319 | Lair:4   | Found a viscous altar of Jiyva.
 25319 | Lair:4   | Found a staircase to the Slime Pits.
 25392 | Lair:3   | Found a transporter.
 26257 | Lair:4   | Reached skill level 10 in Fighting
 26263 | Lair:4   | Learned a level 5 spell: Lightning Bolt
 28368 | Lair:5   | Got Daemiph's Volume of the Cumulonimbus and the Cure
 29595 | Lair:5   | Reached skill level 14 in Conjurations
 30181 | Lair:5   | Identified the +0 plate armour of the Feral God {rPois rN+
                  | Regen+ Str+4}
 30182 | Lair:5   | Identified the +3 quarterstaff "Kadeiz" {heavy, Will+
                  | Str+4}
 30184 | Lair:5   | Identified the ring of Fuqois {rF+ rC+ Str+6}
 31013 | Orc:2    | Found a staircase to the Elven Halls.
 31073 | Orc:2    | Paralysed by an orc sorcerer for 3 turns
 31785 | Orc:2    | Killed Saint Roka
 31973 | Orc:2    | Found Lory's Book Shop.
 31978 | Orc:2    | Found Miynitev's General Store.
 31982 | Orc:2    | Found Lyvorph's Antique Armour Shop.
 32161 | Orc:2    | Found Eddett's Antique Weapon Shop.
 32167 | Orc:2    | Bought an ichor-stained short sword for 256 gold pieces
 32167 | Orc:2    | Identified the +6 short sword of Ruination {pain, rCorr
                  | Int-2 Dex+7} (You bought it in a shop on level 2 of the
                  | Orcish Mines)
 32315 | Orc:2    | Killed DeadOnArrival's ghost
 32781 | D:12     | Reached XP level 15. HP: 128/128 MP: 6/28
 33408 | D:12     | Noticed Azrael
 33412 | D:12     | Killed Azrael
 33841 | D:13     | Reached ****** piety under the Shining One
 33844 | D:13     | Reached skill level 5 in Evocations
 34438 | D:13     | Identified the +7 flail "Ticaozit" {holy, rN+ Str+2 Int-5
                  | Dex+2}
 36591 | D:13     | Found a gate to the Vaults.
 37158 | D:14     | Noticed Agnes
 37160 | D:14     | Killed Agnes
 37439 | D:14     | Noticed Louise
 37543 | D:15     | Entered Level 15 of the Dungeon
 38018 | D:15     | Found a runed translucent gate.
 38018 | D:15     | Found a runed translucent gate.
 38018 | D:15     | Found a runed translucent gate.
 38021 | D:15     | Noticed Ryruocesk's ghost (adept DEFE)
 38140 | D:15     | Identified the +8 morningstar "Goblinbane" {protect, rF+}
 38141 | D:15     | Reached skill level 5 in Staves
 38435 | D:15     | HP: 3/129 [centaur warrior (10)]
 38438 | D:15     | Reached skill level 15 in Conjurations
 38933 | D:15     | Found a staircase to the Depths.
 39802 | D:14     | Killed Louise
 40964 | Snake:1  | Entered Level 1 of the Snake Pit
 40973 | Snake:1  | Reached XP level 16. HP: 133/137 MP: 5/29
 42820 | Snake:1  | Found Riefopn's Jewellery Shoppe.
 42821 | Snake:1  | Found Toibbea's Book Shop.
 42822 | Snake:1  | Found Fevoeno's Jewellery Shoppe.
 42836 | Snake:1  | Bought a book of Power for 756 gold pieces
 42842 | Snake:1  | Learned a level 5 spell: Iskenderun's Battlesphere
 43146 | Snake:2  | Reached skill level 10 in Shields
 43491 | Snake:2  | Reached skill level 10 in Dodging
 43842 | Snake:2  | Reached skill level 10 in Spellcasting
 45528 | Snake:2  | Found Irepik's Assorted Antiques.
 45530 | Snake:2  | Bought a pair of glowing gloves for 300 gold pieces
 46399 | Snake:2  | Reached skill level 16 in Conjurations
 47825 | Snake:3  | Reached XP level 17. HP: 146/146 MP: 1/31
 48971 | Snake:4  | Entered Level 4 of the Snake Pit
 50960 | Snake:4  | Found the +9 sword of Power {lifebolt}
 52996 | Snake:4  | Got a serpentine rune of Zot
 53787 | Elf:1    | Entered Level 1 of the Elven Halls
 53976 | Elf:1    | Reached skill level 17 in Conjurations
 54924 | Elf:1    | Found a huge runed gate.
 54924 | Elf:1    | Found a huge runed gate.
 54924 | Elf:1    | Found a huge runed gate.
 54924 | Elf:1    | Found a huge runed gate.
 54924 | Elf:1    | Found a huge runed gate.
 54924 | Elf:1    | Found a huge runed gate.
 54925 | Elf:1    | Found a huge runed gate.
 54925 | Elf:1    | Found a huge runed gate.
 54928 | Elf:1    | Found a huge runed gate.
 54928 | Elf:1    | Found a huge runed gate.
 54928 | Elf:1    | Found a huge runed gate.
 54928 | Elf:1    | Found a huge runed gate.
 54928 | Elf:1    | Found a huge runed gate.
 54928 | Elf:1    | Found a huge runed gate.
 54928 | Elf:1    | Paralysed by an air elemental for 1 turns
 54977 | Elf:1    | Found a huge runed gate.
 54992 | Elf:1    | Found Tororu's Assorted Antiques.
 55004 | Elf:1    | Found a huge runed gate.
 55004 | Elf:1    | Found a huge runed gate.
 55032 | Elf:1    | Found a huge runed gate.
 55033 | Elf:1    | Found a huge runed gate.
 55034 | Elf:1    | Found a huge runed gate.
 55035 | Elf:1    | Found a huge runed gate.
 55036 | Elf:1    | Found a huge runed gate.
 55046 | Elf:1    | Found a huge runed gate.
 55046 | Elf:1    | Found a huge runed gate.
 55047 | Elf:1    | Found a huge runed gate.
 55048 | Elf:1    | Found a huge runed gate.
 55203 | Elf:1    | Found a huge runed gate.
 55204 | Elf:1    | Found a huge runed gate.
 55233 | Elf:1    | Found a huge runed gate.
 55234 | Elf:1    | Found a huge runed gate.
 55235 | Elf:1    | Found a huge runed gate.
 55236 | Elf:1    | Found a huge runed gate.
 55237 | Elf:1    | Found a huge runed gate.
 55238 | Elf:1    | Found a huge runed gate.
 55239 | Elf:1    | Found a huge runed gate.
 55240 | Elf:1    | Found a huge runed gate.
 55361 | Elf:1    | Reached skill level 10 in Air Magic
 55361 | Elf:1    | Reached XP level 18. HP: 157/157 MP: 22/32
 56108 | Elf:2    | Reached skill level 10 in Invocations
 56827 | Elf:2    | Found a runed translucent gate.
 56827 | Elf:2    | Found a runed translucent gate.
 56828 | Elf:2    | Found a runed translucent gate.
 58273 | Elf:2    | Found a runed translucent gate.
 58274 | Elf:2    | Found a runed translucent gate.
 58274 | Elf:2    | Found a runed translucent gate.
 58275 | Elf:2    | Noticed Foxy's ghost (adept KoEn)
 58333 | Elf:2    | Killed Foxy's ghost
 58469 | Elf:3    | Entered Level 3 of the Elven Halls
 58469 | Elf:3    | Found Namastru's Weapon Shoppe.
 58575 | Elf:3    | Reached skill level 18 in Conjurations
 60367 | Elf:3    | Identified the +1 battleaxe "Vemeqoob" {protect, Will+
                  | rCorr Int+3}
 60510 | Elf:3    | Identified the +0 robe of the Enchanted Forest {rF+++ Str+3
                  | Dex-4}
 60782 | Elf:3    | Identified the ring of Skepticism {rN+ Str+2 Int-4 Dex+6
                  | Slay+3}
 61024 | Elf:3    | Identified the +7 dagger "Miawk" {drain, rPois}
 61164 | Elf:3    | Identified the +3 buckler of Fedhas's Pride {Harm +Inv rC-
                  | Regen+}
 61164 | Elf:3    | Identified the ring of Sogytsia {Will++ AC+4 SInv}
 61485 | Elf:3    | Identified the +7 shortbow of Xom's Grace {freeze, Will+
                  | SInv}
 61958 | Vaults:1 | Entered Level 1 of the Vaults
 61984 | D:13     | Reached XP level 19. HP: 167/167 MP: 6/33
 62106 | Vaults:1 | Reached skill level 10 in Staves
 62556 | Vaults:1 | Reached skill level 19 in Conjurations
 64684 | Vaults:1 | Identified the +4 robe "Gucvomip" {Rampage rF+ rN+ Stlth-}
 64745 | Vaults:1 | Found Diplih's Antique Armour Emporium.
 65338 | Vaults:1 | Reached skill level 20 in Conjurations
 65622 | Vaults:2 | Found Ocuanoxe's Assorted Antiques.
 66279 | Vaults:2 | Identified the +8 falchion "Piog" {vamp, rCorr Str+2}
 66518 | Vaults:2 | Reached skill level 15 in Fighting
 67950 | Vaults:2 | Reached skill level 21 in Conjurations
 69019 | Vaults:2 | Learned a level 7 spell: Orb of Destruction
 69189 | Vaults:2 | Found a staircase to the Crypt.
 69189 | Vaults:2 | Found an ancient bone altar of Kikubaaqudgha.
 69190 | Vaults:2 | Found a basalt altar of Yredelemnul.
 69741 | Vaults:3 | Reached XP level 20. HP: 155/179 MP: 6/34
 69941 | Vaults:3 | Found a portal to a secret trove of treasure.
 70104 | Vaults:3 | Noticed Mennas
 70128 | Vaults:2 | Killed Mennas
 70970 | Vaults:3 | Reached skill level 22 in Conjurations
 71104 | Vaults:3 | You are sucked into a shaft and drop 1 floor!
 71292 | Vaults:4 | Found a flickering gateway to a bazaar.
 71311 | Bazaar   | Entered a bazaar
 71408 | Bazaar   | Found Juipluto's General Store.
 71412 | Bazaar   | Found Imules's Antique Armour Boutique.
 71412 | Bazaar   | Found Qubbexek's Distillery.
 71413 | Bazaar   | Found Qecid's Assorted Antiques.
 71428 | Bazaar   | Bought a scroll labelled KUEFIU WOSTUO for 24 gold pieces
 71433 | Bazaar   | Bought a +0 cloak of poison resistance for 93 gold pieces
 71479 | Bazaar   | Bought a scroll of enchant weapon for 180 gold pieces
 71480 | Bazaar   | Identified a +9 sacred scourge of holy wrath (a +7 demon
                  | whip of venom blessed by the Shining One)
 71480 | Bazaar   | Received a gift from the Shining One
 71486 | Bazaar   | Bought a pair of glowing boots for 292 gold pieces
 71501 | Bazaar   | Bought a potion of lignification for 42 gold pieces
 71501 | Bazaar   | Bought a potion of curing for 42 gold pieces
 71501 | Bazaar   | Bought a potion of curing for 42 gold pieces
 71501 | Bazaar   | Bought a potion of curing for 42 gold pieces
 72580 | Vaults:4 | Reached skill level 10 in Earth Magic
 72873 | Vaults:3 | Reached skill level 1 in Maces & Flails
 73172 | Vaults:4 | Noticed Aizul
 73180 | Vaults:4 | Killed Aizul
 75633 | Crypt:1  | Entered Level 1 of the Crypt
 75768 | Crypt:1  | Reached skill level 23 in Conjurations
 76049 | Crypt:1  | Identified the +0 plate armour "Qechi" {rF- rN+ rCorr
                  | Dex+3}
 76269 | Crypt:1  | Reached XP level 21. HP: 189/189 MP: 13/35
 76283 | Crypt:1  | Paralysed by a vampire knight for 4 turns
 76996 | Crypt:1  | Reached skill level 5 in Maces & Flails
 77199 | Crypt:2  | Reached skill level 15 in Shields
 77880 | Crypt:2  | Found a one-way gate to the infinite horrors of the Abyss.
 78915 | Crypt:2  | Found a runed translucent gate.
 78916 | Crypt:2  | Found a runed translucent gate.
 78917 | Crypt:2  | Found a runed translucent gate.
 78917 | Crypt:2  | Identified the +1 rapier "Spiderbane" {drain, rF+ Int+4}
 78918 | Crypt:2  | Found an iron altar of Okawaru.
 78918 | Crypt:2  | Noticed cforsyth's ghost (veteran DsSu)
 78949 | Crypt:2  | Found the +1 robe of Vines {NoPotionHeal Regen++++}
 79507 | Crypt:3  | Entered Level 3 of the Crypt
 79576 | Crypt:3  | Noticed an ancient lich
 79596 | Crypt:3  | Killed an ancient lich
 79803 | Crypt:3  | Found a staircase to the Tomb.
 79901 | Crypt:3  | Identified the +4 dagger of Mayhem {venom, *Rage rN+++ MP-9
                  | Int+5}
 79981 | Crypt:3  | Noticed an ancient lich
 79997 | Crypt:3  | Killed an ancient lich
 80532 | Crypt:3  | Reached skill level 24 in Conjurations
 80582 | Crypt:3  | Found a basalt altar of Yredelemnul.
 80801 | Crypt:3  | Identified the amulet "Kouhon" {Spirit rN+}
 81648 | Crypt:3  | Reached XP level 22. HP: 200/200 MP: 21/36
 82187 | Shoals:1 | Entered Level 1 of the Shoals
 82197 | Shoals:1 | Learned a level 5 spell: Freezing Cloud
 84565 | Shoals:2 | Found a runed translucent gate.
 85584 | Shoals:2 | Found a runed translucent gate.
 85584 | Shoals:2 | Found a runed translucent gate.
 85586 | Shoals:2 | Found an opulent altar of Gozag.
 85588 | Shoals:2 | Noticed AlwaysLooting's ghost (adept HOFi)
 85588 | Shoals:2 | Found Comnop's Assorted Antiques.
 85589 | Shoals:2 | Found Kapy's Assorted Antiques.
 86054 | Shoals:3 | Reached skill level 10 in Maces & Flails
 86572 | Shoals:3 | Noticed Polyphemus
 87251 | Shoals:3 | Killed Polyphemus
 87487 | Shoals:3 | Found the +16 obsidian axe {drain, demonic, Mesm Drain Fly
                  | SInv}
 87876 | Shoals:3 | Found Uless's Antique Weapon Emporium.
 88113 | Shoals:3 | Slain by a kraken

Illustrated notes

Levels and vault maps discovered:
D:1:      minmay_arrival_diagonal_passages, layout_rooms,
          nicolae_figureground_pulse
D:2:      layout_loops_cross
D:3:      layout_rooms, demons_altar, overflow_temple_1_default,
          mainiacjoe_overflow_divided_tiny, serial_co_window_serial,
          co_window_paths_b, co_window_paths_a, co_window_paths_a,
          co_window_paths_a, co_window_of_opportunity_a, co_window_paths_a,
          co_window_paths_a, co_window_of_opportunity_c, co_window_corner_ca,
          co_window_broadway_b, co_window_broadway_b, co_window_paths_c,
          co_window_sun, co_window_paths_e, glass_columns_b, glass_columns_a,
          glass_columns_a, glass_columns_a, glass_columns_b, serial_shops, shop
D:4:      layout_rooms, grunt_temple_overflow_gold_and_silver,
          lemuel_tele_altar, evilmike_ruin_ashenzari,
          minmay_temple_entry_junction, minmay_mini_jars, uniq_ijyb
D:5:      layout_basic, chequers_serial_rivers_micro_e
D:6:      layout_loops_ring, old_standard_altar, uniq_edmund
D:7:      minmay_razor_zed, layout_loops_ring, mainiacjoe_overflow_cross_hatched
D:8:      layout_basic, grunt_temple_overflow_open, kiku_gazebo_garden_becter,
          enter_bailey_5, dreamdust_wishing_well, uniq_joseph, uniq_erica
D:9:      layout_roguey, hiddenorc1_lemuel, minivault_24, grunt_decor_one_mirror
D:10:     layout_rooms, mainiacjoe_overflow_surrounded_room,
          mainiacjoe_overflow_concentric_impassable
D:11:     layout_layer_cave, due_lair_maze_entry_diamond,
          gauntlet_entry_generic, uniq_grum
D:12:     layout_basic, minmay_crystal_room, uniq_azrael
D:13:     layout_small_grid, grunt_vaults_entry_tiered
D:14:     layout_basic, interstate_on_off, uniq_agnes, uniq_louise
D:15:     hangedman_depths_entry_try_elsewhere_first, layout_long_grid,
          glass_columns_a, biasface_ghost_orc_armoury
Lair:1:   layout_hall_layers, pdpol_lair_neglected_garden, grunt_megastairs_5,
          uniq_maggie, uniq_harold
Lair:2:   layout_cave_shapes, elwin_shoals_entry_stream,
          chequers_serial_rivers_marsh, uniq_amaemon, uniq_gastronok,
          uniq_fannar
Lair:3:   layout_cave_pods, minmay_snake_entry_guardpost_medium,
          nzn_ghost_randoct, minmay_lair_oklob_bushes, grunt_megastairs_1,
          uniq_snorg
Lair:4:   layout_regular_city, slime_entry_1
Lair:5:   minmay_lair_end_frog_pond, layout_layer_cave, serial_rivers,
          chequers_serial_rivers_micro_c, chequers_serial_rivers_micro_e,
          chequers_serial_rivers_micro_c, chequers_serial_rivers_micro_c
Shoals:1: layout_shoals, nicolae_shoals_pincushion_passage
Shoals:2: layout_shoals, ebering_ghost_gozag
Shoals:3: layout_shoals, serial_shops, shop, nicolae_shoals_lost_giant_temple,
          nicolae_shoals_bring_sunscreen, uniq_polyphemus
Snake:1:  layout_layer_cave, serial_bayou_crossing, minmay_shop_grove
Snake:2:  minmay_snake_river, layout_concentric_octagons, serial_shops, shop,
          drop_trap, grunt_megastairs_3
Snake:3:  layout_honeycomb, nicolae_snake_gridmaze_entwining, st_stairs_1
Snake:4:  grunt_snake_rune_spirals, layout_onion_interference,
          fake_guardian_serpent_vault
Orc:1:    layout_caves, serial_shops, nicolae_orc_bridge_out,
          hellmonk_bongcloud_opening, mines3_lemuel, uniq_sonja, uniq_urug
Orc:2:    grunt_orc_cross, layout_diamond_mine, ebering_ghost_disaster_area,
          serial_shops, nicolae_shop_waterfront
Elf:1:    layout_geoelf_diagonals, serial_shops, nicolae_shop_hallway_stairs,
          kennysheep_underground_church, grunt_ministairs_2, door_vault
Elf:2:    nicolae_elf_blades_crystal_corner, layout_onion_city,
          ebering_ghost_rock_garden, amcnicky_mini_pool_small
Elf:3:    minmay_elf_hall_curves, layout_onion_city, serial_shops, shop
Vaults:1: vaults_dpeg_diagonal, nicolae_vaults_meeting, v_misc_19,
          hangedman_vaults_capsules, v_misc_22, hangedman_vaults_locks,
          v_misc_19, v_misc_12, vaults_room_corners, nicolae_vaults_rhombus_7,
          ontoclasm_vaults_chip, ontoclasm_vaults_decontamination,
          layout_vaults_big_room, serial_shops, shop
Vaults:2: nicolae_vaults_triangles, dpeg_vaults_monster_row,
          hangedman_vaults_hat, ontoclasm_vaults_ring_square,
          nicolae_vaults_network_square, ontoclasm_vaults_fault,
          vaults_room_door_hall, vaults_room_door_ring,
          nicolae_vaults_border_crossing, minmay_crypt_entry_necro_gods,
          layout_vaults_ring, serial_shops, nicolae_shop_overgrown_old_shop
Vaults:3: ontoclasm_vaults_chip, v_misc_11, vaults_dpeg_encased_lava,
          ontoclasm_vaults_ring_large, v_alt_pattern_6, vaults_room_pool,
          vaults_mumra_chevron_long, vaults_standard_mumra_x,
          hangedman_vaults_cutoff, v_misc_23, layout_vaults_omnicross,
          enter_trove_5, uniq_mennas
Vaults:4: nicolae_vaults_twisting_passages, v_misc_26, v_misc_13,
          grunt_vaults_twisty, nicolae_vaults_asterisk, st_hourglassy,
          nicolae_vaults_network_star, v_misc_5, v_misc_17,
          hangedman_vaults_nodes, v_misc_23, ontoclasm_vaults_twist, v_misc_25,
          layout_vaults_maze_bifur, serial_shops, bzr_entry_gold, uniq_aizul
Crypt:1:  layout_misc_corridors, roderic_lattice_octagonal_star
Crypt:2:  layout_chaotic_city, gammafunk_ghost_fury_of_okawaru,
          lemuel_hellish_altar, grunt_megastairs_2
Crypt:3:  church_of_pain_bobbens, layout_chaotic_city

Skill      XL: |  1  2  3  4  5  6  7  8  9 10 11 12 13 14 15 16 17 18 19 20 21 22 |
---------------+-------------------------------------------------------------------+-----
Stealth        | 2 |  2.0
Dodging        | 2 3 4 6 7 8 9 10 11 | 11.0
Fighting       | 1 2 3 4 5 6 8 9 10 11 12 13 14 15 16 17 | 17.7
Conjurations   | 5 6 7 8 10 11 12 13 14 15 16 17 18 21 23 24 | 24.4
Spellcasting   | 3 4 5 6 7 8 9 10 | 10.0
Invocations    | 1 2 3 4 6 7 8 9 10 11 | 11.0
Throwing       | 1 |  1.0
Evocations     | 1 2 3 4 6 |  6.0
Air Magic      | 1 2 3 4 5 6 7 8 10 | 10.0
Poison Magic   | 1 2 3 |  3.0
Shields        | 2 3 5 6 7 8 9 10 11 12 13 14 15 | 15.3
Short Blades   | 1 |  1.0
Translocations | 2 3 4 |  4.0
Earth Magic    | 1 4 5 7 9 10 | 10.0
Long Blades    | 3 4 |  4.9
Staves         | 1 3 5 7 8 9 10 | 10.0
Maces & Flails | 4 9 10 | 10.3

Action                   |  1- 3 |  4- 6 |  7- 9 | 10-12 | 13-15 | 16-18 | 19-21 | 22-24 || total
-------------------------+-------+-------+-------+-------+-------+-------+-------+-------++-------
Melee: Dagger            |    47 |    13 |    39 |       |       |       |       |       ||    99
       Tailslap          |     3 |     1 |    11 |    19 |    82 |    43 |   209 |    27 ||   395
       Punch             |       |       |     1 |     2 |     2 |       |       |       ||     5
       Scimitar          |       |       |       |    86 |    47 |       |       |       ||   133
       Staff             |       |       |       |       |   252 |   122 |   363 |   104 ||   841
       Bite              |       |       |       |       |    38 |    31 |   157 |    32 ||   258
       Sacred scourge    |       |       |       |       |       |       |   422 |    29 ||   451
Throw: Javelin           |       |       |       |       |     1 |       |       |       ||     1
       Dart              |       |       |       |       |     1 |       |     3 |       ||     4
 Cast: Magic Dart        |    53 |    64 |   102 |    56 |    73 |   109 |    96 |   171 ||   724
       Searing Ray       |     4 |    23 |    68 |    63 |       |     1 |       |       ||   159
       Mephitic Cloud    |       |       |     3 |     9 |     8 |     1 |     6 |     1 ||    28
       Stone Arrow       |       |       |       |   196 |   456 |   663 |   470 |   108 ||  1893
       Iskenderun's Myst |       |       |       |     4 |    34 |    38 |    83 |    26 ||   185
       Lightning Bolt    |       |       |       |       |   188 |    78 |   184 |    21 ||   471
       Swiftness         |       |       |       |       |     3 |       |     1 |     1 ||     5
       Iskenderun's Batt |       |       |       |       |       |   100 |    77 |    46 ||   223
       Orb of Destructio |       |       |       |       |       |       |    29 |     5 ||    34
       Freezing Cloud    |       |       |       |       |       |       |       |     5 ||     5
Invok: Brand Weapon With |       |       |       |       |       |       |     1 |       ||     1
 Abil: Breathe Acid      |       |       |     1 |     1 |     3 |       |     2 |       ||     7
Evoke: Wand              |       |       |     6 |    10 |    12 |       |     5 |       ||    33
       Tin of tremorston |       |       |       |       |       |       |     3 |       ||     3
       Lightning rod     |       |       |       |       |       |       |     5 |       ||     5
  Use: Scroll            |       |     3 |     7 |    16 |    11 |     7 |    22 |       ||    66
       Potion            |       |     2 |       |     2 |     9 |     4 |     4 |       ||    21
 Stab: Sleeping          |     1 |       |       |       |       |       |       |       ||     1
Armor: Skin              |    23 |    15 |    79 |   133 |   253 |   159 |   464 |    81 ||  1207
Dodge: Dodged            |    46 |    16 |   100 |   222 |   356 |   193 |   351 |   102 ||  1386
       Repelled          |       |       |       |       |       |       |     5 |     2 ||     7
Block: Kite shield       |       |       |       |       |   139 |   233 |       |       ||   372
       Tower shield      |       |       |       |       |       |     7 |  1237 |   238 ||  1482
       Reflection        |       |       |       |       |       |     6 |    29 |       ||    35

Table legend: (Time is in decaauts)
 A = Elapsed time spent in this place.
 B = Non-inter-level travel time spent in this place.
 C = Inter-level travel time spent in this place.
 D = Time resting spent in this place.
 E = Time spent auto-exploring this place.
 F = Levels seen in this place.
 G = Mean time per level.
                   A        B        C        D        E       F      G
               +--------+--------+--------+--------+--------+-----+--------+
         Total |  88379 |  84414 |   3965 |  31842 |  39145 |  41 | 2155.6 |
       Dungeon |  25796 |  24010 |   1786 |   8448 |  11822 |  15 | 1719.7 |
          Lair |  12516 |  12018 |    498 |   5932 |   4389 |   5 | 2503.2 |
        Shoals |   5728 |   5640 |     88 |   1243 |   3667 |   3 | 1909.3 |
     Snake Pit |  12173 |  11900 |    273 |   5003 |   5306 |   4 | 3043.2 |
  Orcish Mines |   4631 |   4369 |    262 |   2153 |   1520 |   2 | 2315.5 |
   Elven Halls |   8032 |   7823 |    209 |   2928 |   3555 |   3 | 2677.3 |
        Vaults |  12434 |  11746 |    688 |   4165 |   5507 |   4 | 3108.5 |
         Crypt |   6129 |   5972 |    157 |   1531 |   3113 |   3 | 2043.0 |
        Bazaar |    200 |    200 |      0 |      0 |    122 |   1 |  200.0 |
        Bailey |    735 |    735 |      0 |    438 |    141 |   1 |  735.0 |
               +--------+--------+--------+--------+--------+-----+--------+

Top non-repeatable levels by time:
Vaults:2: 4176 daAuts
 Snake:4: 3869 daAuts
 Snake:2: 3543 daAuts
    D:13: 3518 daAuts
   Elf:3: 3228 daAuts
   Orc:2: 3197 daAuts
  Lair:3: 3128 daAuts
Vaults:3: 2967 daAuts
    D:11: 2930 daAuts
 Snake:3: 2910 daAuts
  Lair:2: 2857 daAuts
  Lair:5: 2843 daAuts
Vaults:4: 2714 daAuts
   Elf:2: 2692 daAuts
Shoals:2: 2652 daAuts
